 Dungeon Crawl Stone Soup version 0.29-a0-414-g5075937ec3 (webtiles) character file.

Game seed: 6774939888382055972

34 trckry the Vexing (level 3, 0/14 HPs)
             Began as a Felid Enchanter on May 15, 2022.
             Slain by Terence
             ... wielding a +0 short sword
              (10 damage)
             ... on level 2 of the Dungeon.
             The game lasted 00:06:12 (1713 turns).

trckry the Vexing (Felid Enchanter)                 Turns: 1713, Time: 00:06:12

Health: 0/14       AC:  1    Str:  4    XL:     3   Next: 14%
Magic:  5/7        EV: 17    Int: 18    God:
Gold:   80         SH:  0    Dex: 16    Spells: 1/6 levels left
                                        Lives:  0   Deaths: 0

rFire   . . .      SeeInvis +     - Unarmed
rCold   . . .      Faith    .   (shield unavailable)
rNeg    . . .      Spirit   .   (body armour unavailable)
rPois   .          Reflect  .   (helmet unavailable)
rElec   .          Harm     .   (cloak unavailable)
rCorr   .          Rampage  .   (gloves unavailable)
Will    .....                   (boots unavailable)
Stlth   +++.......              (no amulet)
HPRegen 0.04/turn               (no ring)
MPRegen 0.10/turn               (no ring)

@: quick
A: very small, claws 1, fangs 3, see invisible, speed 1, shaggy fur 1, stealthy
paws, no weapons or thrown items, no armour, multi-lived
a: no special abilities


You were on level 2 of the Dungeon.
You visited 1 branch of the dungeon, and saw 2 of its levels.

You collected 80 gold pieces.

Inventory:

Jewellery
 b - a +6 ring of intelligence
 c - a ring of fire
Scrolls
 e - a scroll of magic mapping {unknown}
 f - 2 scrolls of identify {unknown}
 g - a scroll of blinking {unknown}
 h - a scroll of immolation {unknown}
Potions
 a - 3 potions of invisibility
 d - a potion of might {unknown}


   Skills:
 + Level 0.0 Fighting
 + Level 2.9 Dodging
 + Level 4.2 Stealth
 * Level 1.8 Unarmed Combat
 + Level 2.2 Spellcasting
 * Level 5.1 Hexes
 + Level 0.1 Ice Magic


You had one spell level left.
You knew the following spells:

 Your Spells              Type           Power      Damage    Failure   Level
a - Ensorcelled Hibernat  Hex/Ice        22%        N/A       9%          2
b - Confusing Touch       Hex            20%        N/A       6%          3

Your spell library contained the following spells:

 Spells                   Type           Power      Damage    Failure   Level
 Tukima's Dance           Hex            20%        N/A       6%          3
 Dazzling Flash           Conj/Hex       22%        N/A       19%         3


Dungeon Overview and Level Annotations

Branches:
Dungeon (2/15)

Altars:

Shops:
D:1 =

Annotations:
D:2 Terence


Innate Abilities, Weirdness & Mutations

You have sharp claws.
You have razor-sharp teeth.
You have supernaturally acute eyesight. (SInv)
You cover ground quickly. (Speed+)
You are covered in fur. (AC +1)
Your paws help you pounce on unaware monsters.
You are incapable of wielding weapons or throwing items.
You cannot wear armour.
You gain extra lives every three experience levels.


Message History

Terence barely misses you.
Terence hits himself but does no damage.
You barely miss Terence.
Terence is moderately wounded.
You scratch Terence but do no damage. You bite Terence, but do no damage.
Terence is moderately wounded.
Terence misses you.
Terence hits himself but does no damage.
You scratch Terence but do no damage. You bite Terence, but do no damage.
Terence is moderately wounded.
You scratch Terence but do no damage.
Terence is moderately wounded.
Terence hits himself with a +0 short sword.
You catch the helpless Terence completely off-guard!
You scratch Terence. You bite Terence, but do no damage.
Terence is heavily wounded.
Terence barely misses you.
Terence hits himself but does no damage.
You catch the helpless Terence completely off-guard!
You scratch Terence.
Terence is severely wounded.
You scratch Terence.
Terence is severely wounded.
Terence wonders, "What am I doing in here?"
You scratch Terence but do no damage.
Terence is severely wounded.
Terence cries.
Terence seems less confused.
Terence misses you.
You scratch Terence.
Terence is almost dead.
Terence hits you with a +0 short sword.
You take 4 damage, and have 10/14 hp.
MASSIVE DAMAGE!!
You barely miss Terence.
Terence is almost dead.
Terence closely misses you.
You scratch Terence but do no damage. You bite Terence, but do no damage.
Terence is almost dead.
Terence hits you with a +0 short sword!
Ouch! That really hurt!
You die...

.....#
#.#
#......#
#.#
.......#
#.#
########
#.# #.#
#.# #.#
#.# #@#
#@#
###.#
#...#
#.####
#...<#
######


You could see Terence.

Vanquished Creatures
  6 bats
  An endoplasm (D:1)
  2 goblins (D:1)
  7 hobgoblins (D:1)
  3 jackals (D:1)
  A quokka (D:1)
  3 ball pythons
  A frilled lizard (D:1)
  2 kobolds (D:1)
  3 rats (D:1)
29 creatures vanquished.

Notes
Turn   | Place    | Note
-------+----------+-------------------------------------------
     0 | D:1      | trckry the Felid Enchanter began the quest for the Orb.
     0 | D:1      | Reached XP level 1. HP: 7/7 MP: 4/4
   136 | D:1      | Reached XP level 2. HP: 11/11 MP: 6/6
   141 | D:1      | Learned a level 2 spell: Ensorcelled Hibernation
   729 | D:1      | Found Eluxioj's One-of-a-Kind Rings.
   766 | D:1      | Found a faded altar of an unknown god.
   899 | D:1      | Reached skill level 5 in Hexes
   903 | D:1      | Reached XP level 3. HP: 6/14 MP: 1/7
  1584 | D:2      | Noticed Terence
  1621 | D:1      | Learned a level 3 spell: Confusing Touch
  1713 | D:2      | Slain by Terence

Illustrated notes

Levels and vault maps discovered:
D:1:      amcnicky_arrival_gap_in_the_tavern_cellar, layout_basic,
          basic_ecumenical_altar, corner_web_ring,
          chequers_serial_rivers_room_b, nicolae_shop_unique_rings
D:2:      layout_basic, minmay_pentomino_q2, uniq_terence, uniq_natasha

Skill      XL: |  1  2 |
---------------+-------+-----
Hexes          | 5 |  5.1
Dodging        | |  2.9
Stealth        | |  4.2
Unarmed Combat | |  1.8
Spellcasting   | |  2.2
Ice Magic      | |  0.1

Action                   || total
-------------------------++-------
Melee: Unarmed           ||   103
       Bite              ||    15
       Punch             ||     2
 Cast: Ensorcelled Hiber ||     6
       Confusing Touch   ||     1
 Stab: Sleeping          ||     9
       Confused          ||     2
Armor: Skin              ||    12
Dodge: Dodged            ||    81

Table legend: (Time is in decaauts)
 A = Elapsed time spent in this place.
 B = Non-inter-level travel time spent in this place.
 C = Inter-level travel time spent in this place.
 D = Time resting spent in this place.
 E = Time spent auto-exploring this place.
 F = Levels seen in this place.
 G = Mean time per level.
                   A        B        C        D        E       F      G
               +--------+--------+--------+--------+--------+-----+--------+
         Total |   1503 |   1443 |     60 |     23 |   1030 |   2 |  751.5 |
       Dungeon |   1503 |   1443 |     60 |     23 |   1030 |   2 |  751.5 |
               +--------+--------+--------+--------+--------+-----+--------+

Top non-repeatable levels by time:
     D:1: 1411 daAuts
     D:2: 91 daAuts
